 Dungeon Crawl Stone Soup version 0.31.0-11-ge490571c62 (webtiles) character file.

Game seed: 15603037408888253452

154 Gadfly the Ruffian (level 5, -3/38 HPs)
             Began as a Demonspawn Shapeshifter on Jan 27, 2024.
             Slain by Crazy Yiuf
             ... wielding a +4 quarterstaff of chaos
              (12 damage)
             ... on level 2 of the Dungeon.
             The game lasted 00:03:46 (2013 turns).

Gadfly the Ruffian (Demonspawn Shapeshifter)        Turns: 2013, Time: 00:03:46

Health: -3/38      AC:  3    Str: 17    XL:     5   Next: 13%
Magic:  5/5        EV: 12    Int: 10    God:
Gold:   139        SH:  0    Dex: 12    Spells: 4/4 levels left

rFire   . .          .
                       - Unarmed
rCold   . . .        (no shield)
rNeg    . . .        j - +1 animal skin
rPois   .            f - melded +2 helmet
rElec   .            (cloak currently unavailable)
rCorr   .            (gloves currently unavailable)
SInv    .            h - melded +0 pair of boots
Will    .....        (no amulet)
Stlth   ++           (no ring)
HPRegen 0.26/turn    (no ring)
MPRegen 0.09/turn

%: no passive effects
@: lethally poisoned (-3 -> -9), beast-form, weak-willed
A: beast (slay +1), claws 2, camouflage 1
a: Begin Untransformation


You were on level 2 of the Dungeon.
You were a hulking beast.
You visited 1 branch of the dungeon, and saw 2 of its levels.

You collected 139 gold pieces.

Inventory:

Hand Weapons
 g - a +4 long sword
Armour
 f - a +2 helmet (melded)
 h - a +0 pair of boots (melded)
 j - a +1 animal skin (worn)
Talismans
 c - a beast talisman (active)
 d - a flux talisman
Scrolls
 i - a scroll of brand weapon {unknown}
 k - a scroll of identify
 l - a scroll of amnesia {unknown}
Potions
 b - a potion of lignification
 e - a potion of mutation
 m - a potion of berserk rage {unknown}
 n - a potion of curing {unknown}


   Skills:
 * Level 2.0 Fighting
 + Level 2.9 Dodging
 * Level 3.1 Unarmed Combat
 * Level 2.6 Evocations
 * Level 3.0 Shapeshifting


You had 4 spell levels left.
You didn't know any spells.
Your spell library contained the following spells:

 Spells                   Type           Power      Damage    Failure   Level
 Lesser Beckoning         Tloc           0%         N/A       50%         2
 Gell's Gravitas          Tloc           0%         N/A       75%         3
 Teleport Other           Tloc           0%         N/A       75%         3


Dungeon Overview and Level Annotations

Branches:
Dungeon (2/15)

Altars:

Annotations:
D:2 Crazy Yiuf


Innate Abilities, Weirdness & Mutations

You are a hulking beast.
Your limbs bulge with bestial killing power. (Slay +1)
You have very sharp fingernails.
Your skin changes colour to match your surroundings (Stealth+).


Message History

There is an open door here.
Could not explore, unopened runed door.
No reachable target in view!
No reachable target in view!
No reachable target in view!
No reachable target in view!
You open the door.
Okay, then.
Crazy Yiuf shouts!
There is an open translucent door here.
Okay, then.
Okay, then.
Crazy Yiuf hits you with a +4 quarterstaff of chaos!
You convulse!
You are too injured to fight recklessly!
You are too injured to fight recklessly!
You are too injured to fight recklessly!
You are too injured to fight recklessly!
You are too injured to fight recklessly!
You are too injured to fight recklessly!
You claw Crazy Yiuf!
Crazy Yiuf is heavily wounded.
Crazy Yiuf hits you with a +4 quarterstaff of chaos!
* * * LOW HITPOINT WARNING * * *
Your willpower is stripped away!
You feel much better.
Crazy Yiuf hits you with a +4 quarterstaff of chaos!
You scratch Crazy Yiuf.
Crazy Yiuf is heavily wounded.
Crazy Yiuf misses you.
You scratch Crazy Yiuf.
Crazy Yiuf is severely wounded.
Crazy Yiuf hits you with a +4 quarterstaff of chaos!
* * * LOW HITPOINT WARNING * * *
You are poisoned.
You barely miss Crazy Yiuf.
Crazy Yiuf is severely wounded.
You feel sick.
Crazy Yiuf hits you with a +4 quarterstaff of chaos!
You die...

#.P..#
#..#.#.# ##
#...##
##.#...#
##.##
#.#..## ###
#.## #....#
#.. ##.#
##...# #.#
#.##
#..#####.#
##.#
###.###...#
##'##
##...##..###
#.h.#
#....#..####
#.g.#
#.#......>..
#..)#
#.....######
#####
#.##.##
#.##.#
#######.#
#.#.# #.##
#...#
#..####
#.###
##....#


You could see Crazy Yiuf.

Vanquished Creatures
  A jelly (D:2)
  Jessica (D:2)
  Robin (D:2)
  An adder (D:2)
  3 dart slugs
  A ribbon worm (D:2)
  2 ball pythons
  6 bats
  7 endoplasms
  3 giant cockroaches
  11 goblins
  10 hobgoblins
  3 jackals (D:1)
  7 kobolds
  2 quokkas (D:1)
  3 frilled lizards
  2 rats
64 creatures vanquished.

Notes
Turn   | Place    | Note
-------+----------+-------------------------------------------
     0 | D:1      | Gadfly the Demonspawn Shapeshifter began the quest for the
                  | Orb.
     0 | D:1      | Reached XP level 1. HP: 15/15 MP: 1/1
   186 | D:1      | Gained mutation: You have sharp fingernails. [demonic
                  | ancestry]
   186 | D:1      | Reached XP level 2. HP: 21/21 MP: 2/2
   210 | D:1      | Reached skill level 1 in Evocations
   601 | D:1      | Reached XP level 3. HP: 26/26 MP: 3/3
   612 | D:1      | Gained mutation: You are agile. (Dex +4, Str/Int -1)
                  | [potion of mutation]
   612 | D:1      | Gained mutation: You are weak. (Str -2) [potion of
                  | mutation]
   612 | D:1      | Gained mutation: Your mind is acute. (Int +4, Str/Dex -1)
                  | [potion of mutation]
  1140 | D:2      | HP: 1/26 [acid (2)]
  1145 | D:2      | Gained mutation: You have very sharp fingernails. [demonic
                  | ancestry]
  1145 | D:2      | Reached XP level 4. HP: 10/33 MP: 4/4
  1236 | D:2      | Lost mutation: You are weak. (Str -2) [potion of mutation]
  1236 | D:2      | Lost mutation: Your mind is acute. (Int +4, Str/Dex -1)
                  | [potion of mutation]
  1236 | D:2      | Lost mutation: You are agile. (Dex +4, Str/Int -1) [potion
                  | of mutation]
  1236 | D:2      | Gained mutation: Your skin changes colour to match your
                  | surroundings (Stealth+). [potion of mutation]
  1370 | D:2      | Noticed Robin
  1371 | D:2      | Noticed Jessica
  1452 | D:2      | Killed Robin
  1554 | D:2      | Killed Jessica
  1779 | D:2      | Reached XP level 5. HP: 38/38 MP: 5/5
  1877 | D:2      | Found a runed translucent door.
  1878 | D:2      | Noticed Crazy Yiuf
  2013 | D:2      | Slain by Crazy Yiuf

Illustrated notes

Levels and vault maps discovered:
D:1:      saegor_arrival_miasma, layout_loops_corners, kennysheep_flooded_box
D:2:      layout_rooms, hangedman_abyss_or_decor_stabs, uniq_jessica,
          uniq_robin, uniq_crazy_yiuf_cottage

Skill      XL: |  1  2  3  4  5 |
---------------+----------------+-----
Dodging        | 2 |  2.9
Evocations     | 1 2 |  2.6
Unarmed Combat | 3 |  3.1
Shapeshifting  | 3 |  3.0
Fighting       | 2 |  2.0

Action                     |  1- 3 |  4- 6 || total
---------------------------+-------+-------++-------
  Melee: Unarmed           |    80 |    77 ||   157
         Punch             |     3 |     4 ||     7
Ability: Begin Untransform |     2 |       ||     2
    Use: Scroll            |     4 |     1 ||     5
         Potion            |     2 |     2 ||     4
   Stab: Sleeping          |     1 |       ||     1
         Distracted        |       |     1 ||     1
 Armour: Animal skin       |    43 |    48 ||    91
         Skin              |       |     8 ||     8
  Dodge: Dodged            |    36 |    43 ||    79
   Form: Beast             |     2 |     1 ||     3
                           |       |     1 ||     1
